 Dungeon Crawl Stone Soup version 0.28.0-53-g5a82cb258f (webtiles) character file.

Game seed: 8057941890465456321

53 MiltankisOP the Insei (level 3, -3/27 HPs)
             Began as an Octopode Monk on July 13, 2022.
             Slain by a gnoll
             ... wielding a +1 halberd of freezing
              (7 damage)
             ... on level 2 of the Dungeon.
             The game lasted 00:01:47 (1594 turns).

MiltankisOP the Insei (Octopode Monk)               Turns: 1594, Time: 00:01:47

Health: -3/27      AC:  1    Str: 10    XL:     3   Next: 89%
Magic:  3/3        EV:  8    Int: 12    God:
Gold:   53         SH:  0    Dex: 16    Spells: 2/2 levels left

rFire   . . .      SeeInvis .     - Unarmed
rCold   . . .      Faith    .   (no shield)
rNeg    . . .      Spirit   .   (helmet restricted)
rPois   .          Reflect  .   (no amulet)
rElec   .          Harm     .   (no ring)
rCorr   .          Rampage  .   (no ring)
Will    .....                   (no ring)
Stlth   +++.......              (no ring)
HPRegen 0.09/turn               (no ring)
MPRegen 0.08/turn               (no ring)
                                (no ring)
                                (no ring)

@: held
A: almost no armour, amphibious, 8 rings, camouflage 1, gelatinous body 1,
(nimble swimmer 1), tentacles
a: no special abilities


You were on level 2 of the Dungeon.
You visited 1 branch of the dungeon, and saw 2 of its levels.

You collected 53 gold pieces.

Inventory:

Jewellery
 b - a ring of wizardry
Scrolls
 c - 2 scrolls of enchant weapon {unknown}
 f - a scroll of identify {unknown}
 g - a scroll of teleportation {unknown}
Potions
 a - a potion of heal wounds {unknown}
 d - a potion of lignification {unknown}
 e - a potion of haste {unknown}


   Skills:
 + Level 3.9 Fighting
 - Level 3.0 Dodging
 - Level 2.6 Stealth
 + Level 3.9 Unarmed Combat


You had 2 spell levels left.
You didn't know any spells.
Your spell library was empty.

Dungeon Overview and Level Annotations

Branches:
Dungeon (2/15)

Altars:


Innate Abilities, Weirdness & Mutations

You cannot wear most types of armour.
You are amphibious.
You can wear up to eight rings at the same time.
Your skin changes colour to match your surroundings (Stealth+).
Your rubbery body absorbs attacks. (AC +1, EV +1)
((You are camouflaged when in or above water. (Stealth+)))
You have tentacles for arms and can constrict up to eight enemies at once.


Message History

You constrict the goblin. The goblin barely misses you.
You bludgeon the goblin!
You kill the goblin!
The bat hits you but does no damage.
Found a scroll labelled CISAXZYUSI.
The bat hits you.
Things that are here:
a +0 dagger; a goblin corpse The bat misses you.
The bat closely misses you. The bat hits you.
You are too injured to fight recklessly!
You tentacle-slap the bat but do no damage.
Your grab misses the bat.
Your tentacle-slap misses the bat.
The bat closely misses you. The bat barely misses you.
You miss the bat. Your grab misses the bat. The bat barely misses you.
Found a scroll labelled RAKHLE PEXUU.
Found a stone staircase leading up.
The bat closely misses you.
You see here a scroll labelled CISAXZYUSI.
The bat barely misses you. The bat closely misses you.
You see here a scroll labelled CISAXZYUSI.
You tentacle-slap the bat.
You kill the bat!
A gnoll is nearby!
A gnoll is nearby!
A gnoll is nearby!
A gnoll is nearby!
The gnoll shouts!
The gnoll hits you from afar with a +1 halberd of freezing!
* * * LOW HITPOINT WARNING * * *
The gnoll freezes you.
* * * LOW HITPOINT WARNING * * *
A kobold comes into view. It is wielding a +0 dagger.
The gnoll throws a throwing net.
The throwing net hits you.
You become entangled in the net!
You see here a throwing net.
You struggle against the net.
You struggle against the net.
The gnoll hits you from afar with a +1 halberd of freezing!
You die...

.... #.# #..###...
.... ###.####....#
. ......
........#.#.#
......
####.###)#.#.#
.......#........#.#
#
......#.#?.....#.#
.........†.....#.#
#####.##g#.####.#.#
K......@.g.g.......
######.#.#....#.#..
#.#.#....#.####
..#...?.....
###########.# ..


You could see 3 gnolls and a kobold (asleep).

Vanquished Creatures
  A gnoll (D:2)
  An adder (D:2)
  A worm (D:2)
  A dart slug (D:1)
  3 bats
  An endoplasm (D:1)
  A giant cockroach (D:2)
  2 goblins
  2 hobgoblins
  4 jackals (D:2)
  4 quokkas (D:1)
  6 frilled lizards
  A rat (D:1)
28 creatures vanquished.

Notes
Turn   | Place    | Note
-------+----------+-------------------------------------------
     0 | D:1      | MiltankisOP the Octopode Monk began the quest for the Orb.
     0 | D:1      | Reached XP level 1. HP: 16/16 MP: 1/1
    46 | D:1      | Found a faded altar of an unknown god.
   139 | D:1      | Reached XP level 2. HP: 18/21 MP: 2/2
   649 | D:2      | Reached XP level 3. HP: 5/26 MP: 3/3
  1594 | D:2      | Slain by a gnoll

Illustrated notes

Levels and vault maps discovered:
D:1:      dpeg_arrival_rooms_b, layout_basic, shapermc_ecumenical_altar_gd
D:2:      layout_basic

Action                   || total
-------------------------++-------
Melee: Unarmed           ||    69
       Constrict         ||    15
       Tentacles         ||     9
       Punch             ||     2
 Stab: Sleeping          ||     5
Armor: Skin              ||     5
Dodge: Dodged            ||    58
